AoeStats
← 苏坊

Arena

510524747Analyzed
1v1 RM · 9h ago on Oct 1, 2026· 45m 30s· 2 players
Game mode
Random Map
Map size
Tiny (2 player)
Population
200
Speed
Normal
Resources
Standard
Victory
Conquest
Starting age
Dark Age
Ending age
Imperial Age
RankedLock teamsTeams togetherTeam positionsShared explorationLock speedFull tech treeHidden civsTurbo modeCheats
Victory
Defeat
🇨🇳 Khmer · China
819
+17
🇹🇼 Varangians · Taiwan
838
-17
苏坊
10:03 Feudal Age
13:42 Castle Age
11:51 Double-Bit Axe
19:03 Horse Collar
24:10 Wheelbarrow
23:25 Loom
28:50 Imperial Age
26:23 Gold Mining
26:24 Stone Mining
26:46 Bow Saw
26:40 Heavy Plow
28:07 Hand Cart
27:39 Town Watch
28:27 Tusk Swords
29:47 Double Crossbow
30:10 Conscription
30:03 Town Patrol
33:04 Crop Rotation
32:45 Husbandry
32:56 Bloodlines
32:57 Scale Barding Armor
33:02 Forging
32:44 Fletching
32:21 Elite Ballista Elephant
33:53 Gold Shaft Mining
33:57 Stone Shaft Mining
33:59 Ballistics
34:40 Chemistry
34:12 Light Cavalry
35:17 Chain Barding Armor
35:33 Iron Casting
34:54 Bodkin Arrow
34:54 Hussar
37:44 Plate Barding Armor
37:18 Siege Engineers
39:27 Blast Furnace
38:29 Bracer
mansun2834
12:43 Feudal Age
13:11 Horse Collar
13:19 Double-Bit Axe
18:39 Castle Age
22:30 Heavy Plow
25:40 Wheelbarrow
26:15 Town Watch
26:16 Loom
27:21 Hand Cart
31:40 Imperial Age
29:11 Arson
29:27 Squires
29:27 Fletching
29:49 Masonry
30:16 Bow Saw
30:00 Treadmill Crane
30:22 Bodkin Arrow
30:42 Town Patrol
31:15 Gold Mining
31:48 Scale Mail Armor
31:58 Squires
31:43 Gambesons
32:06 Arson
32:56 Architecture
33:27 Chemistry
33:52 Chain Mail Armor
33:02 Elite Varangian Guard
35:23 Two-Man Saw
35:36 Conscription
35:52 Pikeman
37:07 Plate Mail Armor
36:48 Forging
36:39 Bracer
37:30 Crop Rotation
37:22 Husbandry
37:32 Bloodlines
36:44 Light Cavalry
38:15 Gothikon
38:24 Halberdier
39:11 Hussar
40:42 Iron Casting
41:09 Padded Archer Armor
41:18 Scale Barding Armor
41:37 Vendel Legacy
42:15 Cavalier
43:24 Elite Skirmisher
Connection lost

Rejoining the realm…

Still unreachable

The connection could not be restored.

Session expired

The server has moved on; the page needs a fresh start.